[ AOE2 MATCH · #513781563 ]
UnrankedChinese vs Khmer
Player's team · WIN
Rival team · LOSS
[ REPLAY ANALYSIS · EXTRACTED FROM THE RECORDED GAME ]
Feudal
9:35
Castle
—
Imperial
—
| APM avg | 50.0 |
| APM peak | 74 |
| eAPM avg | 20.4 |
| Villagers / military | 22 / 1 |
Focus
⚔️ 31.6% · 🌾 68.4%
Archer ×1
Feudal
9:58
Castle
—
Imperial
—
| APM avg | 63.5 |
| APM peak | 117 |
| eAPM avg | 25.4 |
| Villagers / military | 19 / 0 |
Focus
⚔️ 39.3% · 🌾 60.7%
Match map
Initial resources + every placement click. Lines = walls · curves = elevation contours. ◆ gold · ⬟ stone · ● berries · ✦ relic · ◌ wall gap
Your base
m0re's base
Smoothed initial terrain · ◌ = detected wall gap · hover for details
Inputs per minute
— Valas - - m0re
Build order — Valas
50 actions detected in the replay
| 0:00 | Research | Loom |
| 0:34 | Queue | Villager (Male) |
| 1:01 | Queue | Villager (Male) |
| 1:30 | Queue | Villager (Male) |
| 1:30 | Queue | Villager (Male) |
| 1:53 | Queue | Villager (Male) |
| 2:21 | Queue | Villager (Male) |
| 2:47 | Build | House |
| 2:50 | Queue | Villager (Male) |
| 2:51 | Queue | Villager (Male) |
| 3:25 | Build | Lumber Camp |
| 3:31 | Queue | Villager (Male) |
| 3:38 | Queue | Villager (Male) |
| 3:38 | Queue | Villager (Male) |
| 4:05 | Queue | Villager (Male) |
| 4:31 | Queue | Villager (Male) |
| 4:55 | Queue | Villager (Male) |
| 5:17 | Queue | Villager (Male) |
| 5:27 | Build | Mill |
| 5:52 | Build | House |
| 6:13 | Build | Palisade Gate |
| 6:19 | Queue | Villager (Male) |
| 6:25 | Build | Palisade Wall |
| 6:27 | Build | Palisade Wall |
| 6:28 | Build | Palisade Wall |
| 6:42 | Build | Palisade Wall |
| 6:46 | Build | Palisade Wall |
| 6:47 | Build | Palisade Wall |
| 6:49 | Build | Palisade Wall |
| 6:49 | Queue | Villager (Male) |
| 6:52 | Build | Palisade Wall |
| 6:53 | Build | Palisade Wall |
| 6:54 | Build | Palisade Wall |
| 6:56 | Build | Palisade Wall |
| 7:23 | Research | Feudal Age |
| 7:23 | Research | Feudal Age |
| 8:20 | Build | Lumber Camp |
| 8:36 | Queue | Villager (Male) |
| 8:54 | Build | Barracks |
| 9:05 | Queue | Villager (Male) |
| 9:08 | Build | House |
| 9:35 | Age | Feudal Age |
| 9:41 | Queue | Villager (Male) |
| 9:50 | Queue | Villager (Male) |
| 9:52 | Build | Archery Range |
| 10:07 | Build | House |
| 10:10 | Build | Watch Tower |
| 10:18 | Research | Double-Bit Axe |
| 10:34 | Queue | Archer |
| 10:41 | Queue | Villager (Male) |
Build order — m0re
62 actions detected in the replay
| 0:00 | Queue | Villager (Male) |
| 0:00 | Queue | Villager (Male) |
| 0:02 | Build | House |
| 0:10 | Queue | Villager (Male) |
| 0:10 | Queue | Villager (Male) |
| 0:38 | Build | Palisade Wall |
| 0:38 | Build | Palisade Wall |
| 0:40 | Build | House |
| 0:41 | Build | Palisade Wall |
| 0:52 | Research | Loom |
| 1:20 | Queue | Villager (Male) |
| 1:24 | Build | Palisade Wall |
| 1:27 | Build | Palisade Wall |
| 1:39 | Build | Palisade Wall |
| 1:40 | Build | Palisade Wall |
| 1:45 | Build | Palisade Wall |
| 1:46 | Build | Palisade Wall |
| 1:48 | Queue | Villager (Male) |
| 1:50 | Build | Palisade Wall |
| 2:04 | Queue | Villager (Male) |
| 2:55 | Queue | Villager (Male) |
| 3:12 | Queue | Villager (Male) |
| 3:15 | Queue | Villager (Male) |
| 3:39 | Queue | Villager (Male) |
| 3:46 | Queue | Villager (Male) |
| 4:01 | Build | Mill |
| 4:07 | Queue | Villager (Male) |
| 4:45 | Queue | Villager (Male) |
| 5:03 | Build | House |
| 5:07 | Queue | Villager (Male) |
| 6:08 | Build | Palisade Wall |
| 6:09 | Build | Palisade Wall |
| 6:11 | Build | Palisade Wall |
| 6:13 | Build | Palisade Wall |
| 6:14 | Build | Palisade Wall |
| 6:17 | Build | Palisade Wall |
| 6:18 | Build | Palisade Wall |
| 6:23 | Queue | Villager (Male) |
| 6:27 | Build | Palisade Wall |
| 6:30 | Build | Palisade Wall |
| 6:31 | Build | Palisade Wall |
| 6:33 | Build | Palisade Wall |
| 6:41 | Queue | Villager (Male) |
| 7:48 | Research | Feudal Age |
| 8:19 | Build | Lumber Camp |
| 8:33 | Build | House |
| 9:27 | Queue | Villager (Male) |
| 9:27 | Queue | Villager (Male) |
| 9:58 | Age | Feudal Age |
| 10:00 | Build | Watch Tower |
| 10:03 | Build | Watch Tower |
| 10:04 | Build | Palisade Wall |
| 10:12 | Build | Farm |
| 10:14 | Build | Farm |
| 10:38 | Build | Palisade Wall |
| 10:39 | Build | Palisade Wall |
| 10:39 | Build | Palisade Wall |
| 10:39 | Build | Palisade Wall |
| 10:39 | Build | Palisade Wall |
| 10:40 | Build | Palisade Wall |
| 10:40 | Build | Palisade Wall |
| 10:40 | Build | Palisade Wall |
Match timeline
| 0:38 | m0re · wall_segment Palisade Wall x1 |
| 0:38 | m0re · wall_segment Palisade Wall x1 |
| 0:41 | m0re · wall_segment Palisade Wall x1 |
| 1:24 | m0re · wall_segment Palisade Wall x1 |
| 1:27 | m0re · wall_segment Palisade Wall x1 |
| 1:39 | m0re · wall_segment Palisade Wall x1 |
| 1:40 | m0re · wall_segment Palisade Wall x1 |
| 1:45 | m0re · wall_segment Palisade Wall x1 |
| 1:46 | m0re · wall_segment Palisade Wall x1 |
| 1:50 | m0re · wall_segment Palisade Wall x1 |
| 6:08 | m0re · wall_segment Palisade Wall x1 |
| 6:09 | m0re · wall_segment Palisade Wall x1 |
| 6:11 | m0re · wall_segment Palisade Wall x1 |
| 6:13 | m0re · wall_segment Palisade Wall x1 |
| 6:14 | m0re · wall_segment Palisade Wall x1 |
| 6:17 | m0re · wall_segment Palisade Wall x1 |
| 6:18 | m0re · wall_segment Palisade Wall x1 |
| 6:25 | Valas · wall_segment Palisade Wall x1 |
| 6:27 | Valas · wall_segment Palisade Wall x1 |
| 6:27 | m0re · wall_segment Palisade Wall x1 |
| 6:28 | Valas · wall_segment Palisade Wall x1 |
| 6:30 | m0re · wall_segment Palisade Wall x1 |
| 6:31 | m0re · wall_segment Palisade Wall x1 |
| 6:33 | m0re · wall_segment Palisade Wall x1 |
| 6:42 | Valas · wall_segment Palisade Wall x1 |
| 6:46 | Valas · wall_segment Palisade Wall x1 |
| 6:47 | Valas · wall_segment Palisade Wall x1 |
| 6:49 | Valas · wall_segment Palisade Wall x1 |
| 6:52 | Valas · wall_segment Palisade Wall x1 |
| 6:53 | Valas · wall_segment Palisade Wall x1 |
| 6:54 | Valas · wall_segment Palisade Wall x1 |
| 6:56 | Valas · wall_segment Palisade Wall x1 |
| 8:54 | Valas · first_building Barracks |
| 9:35 | Valas · age_up feudal |
| 9:52 | Valas · first_building Archery Range |
| 9:58 | m0re · age_up feudal |
| 10:04 | m0re · wall_segment Palisade Wall x1 |
| 10:38 | m0re · wall_segment Palisade Wall x1 |
| 10:39 | m0re · wall_segment Palisade Wall x2 |
| 10:39 | m0re · wall_segment Palisade Wall x1 |
| 10:39 | m0re · wall_segment Palisade Wall x2 |
| 10:39 | m0re · wall_segment Palisade Wall x2 |
| 10:40 | m0re · wall_segment Palisade Wall x1 |
| 10:40 | m0re · wall_segment Palisade Wall x2 |
| 10:40 | m0re · wall_segment Palisade Wall x1 |
| 10:49 | m0re · resign |
[ AI ANALYSIS · 1 CREDIT ]
What really happened in this match?
Wolo.gg analyzes every decision: build order, eco, micro, common mistakes by bracket. Personalized analysis on WhatsApp or Discord in 30 seconds.
Civ guide
Chinese
Perfil
Valas